 Dungeon Crawl Stone Soup version 0.26-a0-682-g294304f6e8 (webtiles) character file.

Game seed: 11785030066008107633

5 Gargoyl the Skirmisher (level 1, -18/23 HPs)
             Began as a Gnoll Abyssal Knight on Oct 21, 2020.
             Was a Follower of Lugonu.
             Demolished by a small abomination (19 damage)
             ... on level 1 of the Abyss.
             The game lasted 00:00:23 (106 turns).

Gargoyl the Skirmisher (Gnoll Abyssal Knight)        Turns: 106, Time: 00:00:23

Health: -18/23     AC:  4    Str: 14    XL:     1   Next: 80%
Magic:  3/3        EV: 12    Int: 14    God:    Lugonu [*.....]
Gold:   18         SH:  0    Dex: 14    Spells: 0/0 levels left

rFire    . . .     SeeInvis .   a - +1 hand axe
rCold    . . .     Faith    .   (no shield)
rNeg     . . .     Spirit   .   b - +1 leather armour
rPois    .         Reflect  .   (no helmet)
rElec    .         Harm     .   (no cloak)
rCorr    .         Rampage  .   (no gloves)
MR       .....                  (no boots)
Stlth    +.........             (no amulet)
HPRegen  0.07/turn              (no ring)
MPRegen  0.08/turn              (no ring)

@: no status effects
A: distributed training, fangs 1, strong nose
a: Depart the Abyss, Renounce Religion


You were on level 1 of the Abyss.
You worshipped Lugonu.
Lugonu was aware of your devotion.
You visited 0 branches of the dungeon, and saw 0 of its levels.
You visited the Abyss 1 time.

You collected 18 gold pieces.

Inventory:

Hand Weapons
 a - a +1 hand axe (weapon)
Armour
 b - a +1 leather armour (worn)


   Skills:
 + Level 6.4 Fighting
 + Level 0.1 Short Blades
 + Level 0.1 Long Blades
 + Level 4.4 Axes
 + Level 0.1 Maces & Flails
 + Level 0.1 Polearms
 + Level 0.1 Staves
 + Level 0.1 Slings
 + Level 0.1 Bows
 + Level 0.1 Crossbows
 + Level 0.1 Throwing
 + Level 4.4 Armour
 + Level 2.4 Dodging
 + Level 0.1 Stealth
 + Level 0.1 Shields
 + Level 0.1 Unarmed Combat
 + Level 0.1 Spellcasting
 + Level 0.1 Conjurations
 + Level 0.1 Hexes
 + Level 0.1 Summonings
 + Level 0.1 Necromancy
 + Level 0.1 Translocations
 + Level 0.1 Transmutations
 + Level 0.1 Fire Magic
 + Level 0.1 Ice Magic
 + Level 0.1 Air Magic
 + Level 0.1 Earth Magic
 + Level 0.1 Poison Magic
 + Level 4.4 Invocations
 + Level 0.1 Evocations


You couldn't memorise any spells.
You didn't know any spells.
Your spell library was empty.

Dungeon Overview and Level Annotations

Branches:
Dungeon (0/15)

Altars:


Innate Abilities, Weirdness & Mutations

Your experience applies equally to all skills.
You have very sharp teeth.
Your uncanny sense of smell can sniff out nearby items.


Message History

The ufetubus hits you. The ufetubus barely misses you.
A small abomination comes into view.
The ufetubus hits you but does no damage.
The ufetubus misses you.
The ufetubus hits you but does no damage.
The ufetubus hits you.
You slash the ufetubus!
You kill the ufetubus!
Unknown command.
A small abomination comes into view.
You hit the small abomination but do no damage.
You bite the small abomination, but do no damage.
The small abomination hits you!
* * * LOW HITPOINT WARNING * * *
Unknown command.
You hit the small abomination.
The small abomination is lightly damaged.
The small abomination hits you!!
Ouch! That really hurt!
You die...

∆ ## .. #. ..
### .# ..
#@###.##..
#x#.....# ..
#....#.# ...#
#xx#.#.# ...##
##.. .# x.#..
#.#..#.## ...x
#......###..# #
#.......#..x#.
#.x
........##...#..


You could see 3 small abominations.

Vanquished Creatures
  An ufetubus (Abyss:1)
1 creature vanquished.

Notes
Turn   | Place    | Note
-------+----------+-------------------------------------------
     0 | Abyss:1  | Gargoyl the Gnoll Abyssal Knight began the quest for the
                  | Orb.
     0 | Abyss:1  | Reached XP level 1. HP: 23/23 MP: 3/3
    61 | Abyss:1  | Noticed a small abomination
    92 | Abyss:1  | Noticed a small abomination
    94 | Abyss:1  | Noticed a small abomination
   101 | Abyss:1  | Noticed a small abomination
   105 | Abyss:1  | HP: 1/23 [small abomination (10)]
   106 | Abyss:1  | Demolished by a small abomination

Illustrated notes

Levels and vault maps discovered:
Abyss:1:  evilmike_abyss_exit_10

Action                   || total
-------------------------++-------
Melee: Hand axe          ||     7
       Bite              ||     1
  Use: Scroll            ||     2
Armor: Leather armour    ||     5
Dodge: Dodged            ||    12

Table legend: (Time is in decaauts)
 A = Elapsed time spent in this place.
 B = Non-inter-level travel time spent in this place.
 C = Inter-level travel time spent in this place.
 D = Time resting spent in this place.
 E = Time spent auto-exploring this place.
 F = Levels seen in this place.
 G = Mean time per level.
                   A        B        C        D        E       F      G
               +--------+--------+--------+--------+--------+-----+--------+
         Total |    106 |    106 |      0 |      0 |     59 |   1 |  106.0 |
         Abyss |    106 |    106 |      0 |      0 |     59 |   1 |  106.0 |
               +--------+--------+--------+--------+--------+-----+--------+

Top non-repeatable levels by time:
 Abyss:1: 106 daAuts
